 Dungeon Crawl Stone Soup version 0.21.1-1-g345015f (webtiles) character file.

13629 garbagetei the Thaumaturge (level 11, -1/64 HPs)
             Began as a Deep Elf Earth Elementalist on Feb 6, 2018.
             Was an Elder of Vehumet.
             Slain by a two-headed hydra (13 damage)
             ... on level 10 of the Dungeon.
             The game lasted 00:45:13 (14128 turns).

garbagetei the Thaumaturge (DEEE)                  Turns: 14128, Time: 00:45:14

Health: -1/64      AC:  6    Str:  5    XL:     11   Next: 78%
Magic:  23/29      EV: 18    Int: 26    God:    Vehumet [****..]
Gold:   1116       SH:  0    Dex: 15    Spells: 9/34 levels left

rFire    . . .     SeeInvis .   M - staff of earth
rCold    + + +     Gourm    +   (no shield)
rNeg     . . .     Faith    .   F - +2 robe {rC+}
rPois    .         Spirit   .   (no helmet)
rElec    .         Reflect  .   K - +0 cloak
rCorr    .         Harm     .   w - +0 pair of gloves
MR       +....                  (no boots)
Stlth    ++........             n - amulet of the gourmand
HPRegen  0.20/turn              y - ring of protection from cold
MPRegen  0.21/turn              I - ring of protection from cold

@: no status effects
A: clever 1, wild magic 1
a: Renounce Religion


You were on level 10 of the Dungeon.
You worshipped Vehumet.
Vehumet was greatly pleased with you.
You were completely stuffed.

You visited 2 branches of the dungeon, and saw 12 of its levels.
You also visited: Bailey.

You collected 1116 gold pieces.

Inventory:

Hand Weapons
 a - a +0 club
 v - a +0 falchion of electrocution
 H - a +0 spear of flaming
Missiles
 b - 159 stones (quivered)
 t - 5 javelins
Armour
 c - a +0 robe
 h - a +0 buckler
 w - a +0 pair of gloves (worn)
 F - a +2 robe of cold resistance (worn)
 K - a +0 cloak (worn)
Magical Staves
 M - an uncursed staff of earth (weapon)
Jewellery
 n - an amulet of the gourmand (around neck)
 y - a ring of protection from cold (left hand)
 E - an uncursed ring of positive energy
 I - a ring of protection from cold (right hand)
 O - an uncursed ring of ice
Wands
 g - a wand of flame (1)
 C - a wand of enslavement (5)
 G - a wand of paralysis (13)
 J - a wand of polymorph (14)
 L - a wand of digging (19)
 N - a wand of disintegration (9)
Scrolls
 j - 4 scrolls of teleportation
 k - 4 scrolls of remove curse
 o - 4 scrolls of identify
 p - 2 scrolls of enchant armour
 s - 2 scrolls of enchant weapon
 u - 3 scrolls of fear
Potions
 f - 3 potions of degeneration
 i - 2 potions of agility
 l - a potion of magic
 m - 2 potions of berserk rage
 q - 5 potions of curing
 r - 2 potions of haste
 z - 6 potions of mutation
 A - 2 potions of lignification
 B - 2 potions of heal wounds
 D - a potion of flight
Books
 e - a book of Geomancy

   Spells                             Type                      Level
   a - Sandblast                      Earth                        1
   b - Passwall                       Transmutation/Earth          2
   c - Stone Arrow                    Conjuration/Earth            3
   d - Petrify                        Transmutation/Earth          4
   e - Lee's Rapid Deconstruction     Earth                        5
 x - a book of Changes

   Spells                             Type                      Level
   a - Beastly Appendage              Transmutation                1
   b - Sticks to Snakes               Transmutation                2
   c - Spider Form                    Transmutation/Poison         3
   d - Ice Form                       Ice/Transmutation            4
   e - Blade Hands                    Transmutation                5
Comestibles
 d - 19 rations
 P - a chunk of flesh


   Skills:
 + Level 5.5 Fighting
 + Level 8.5 Dodging
 - Level 2.5 Stealth
 * Level 12.4 Spellcasting
 + Level 7.1 Conjurations
 - Level 1.1 Transmutations
 * Level 11.0 Earth Magic
 * Level 7.7 Evocations


You had 9 spell levels left.
You knew the following spells:

 Your Spells              Type           Power        Failure   Level  Hunger
a - Sandblast             Erth           ######       1%          1    None
b - Passwall              Tmut/Erth      #######...   1%          2    None
c - Stone Arrow           Conj/Erth      ######       1%          3    None
d - Petrify               Tmut/Erth      #######.     5%          4    None
e - Lee's Rapid Deconstr  Erth           #######...   1%          5    ###....
f - Flame Tongue          Conj/Fire      #####        1%          1    None
g - Force Lance           Conj/Tloc      #####...     3%          4    None
h - Fireball              Conj/Fire      #####.....   9%          5    ###....


Dungeon Overview and Level Annotations

Branches:
Dungeon (10/15)            Temple (0/1) D:6             Orc (2/2) D:9
   Lair: D:8-11         Elf: Orc:2

Altars:
Dithmenos
Makhleb
Okawaru
Sif Muna
Trog
Vehumet
Zin

Annotations:
D:10 Snorg
Orc:2 Donald


Innate Abilities, Weirdness & Mutations

Your mind is acute. (Int +2)
Your spells are a little harder to cast, but a little more powerful.


Message History

The yak closely misses you. The two-headed hydra misses you.
The two-headed hydra bites you!
* * * LOW HITPOINT WARNING * * *
Okay, then.
Press: ? - help, v - describe, . - travel
Here: a two-headed hydra (moderately wounded)
The floor.
Evoke which item? (* to show all) (? for menu, Esc to quit)
Aiming: Paralyse
Press: ? - help, Shift-Dir - straight line, f - two-headed hydra
Aim: a two-headed hydra (moderately wounded, chance to defeat MR: 32%)
Okay, then.
Unknown command.
As you read the scroll of fear, it crumbles to dust.
You assume a fearsome visage.
The yak easily resists.
The yak looks frightened!
The big kobold looks frightened!
The two-headed hydra easily resists.
The yak gores you.
* * * LOW HITPOINT WARNING * * *
The two-headed hydra bites you!
You die...

............###......############
....)...............>#...........
.....................#...........
...##'###............##.....<....
...#....'.##################.....
...#....#.#......##.....#.%#.....
...#....#.#......##≈....'.%####'#
...#....#.#......Y#..)P.'..#....#
...######.......@DY≈K.%.)..#.....
.......#......##....†#..####.[
.......#......##≈.P≈P##+# #.[
####...#......##P≈≈≈≈# #.[
#...#......##PP≈P.'. #..
#...#.[....########## #..
#..........#..# #..
#.......[..#..###########..
#...#......#...............


You could see a two-headed hydra, 2 yaks and a big kobold (fleeing).

Vanquished Creatures
  Fannar (D:10)
  3 two-headed ogres
  Erolcha (D:9)
  An orc high priest (Orc:2)
  Pikel (D:9)
  A wolf spider (Orc:1)
  2 slime creatures (D:10)
  2 orc sorcerers
  A hornet (D:8)
  A troll (Orc:2)
  2 dream sheep (D:10)
  A wyvern (D:10)
  A redback (Orc:1)
  A tarantella (Orc:1)
  A hungry ghost (D:8)
  The ghost of SaintRoka the Sneak, an amateur NaFE of Vehumet (D:5)
  3 sky beasts
  10 orc warriors
  A slave (D:9)
  3 black bears
  2 ice beasts
  3 phantoms
  7 ogres
  3 centaurs
  4 bullfrogs
  2 big kobolds (D:10)
  2 gnoll sergeants (D:9)
  A scorpion (D:8)
  A water moccasin skeleton (D:6)
  4 killer bees (D:8)
  4 wights (D:7)
  4 howler monkeys
  4 jellies
  2 bullfrog zombies
  6 crimson imps
  A centaur zombie (D:7)
  6 hounds
  15 orc wizards
  3 quasits
  A bullfrog skeleton (D:9)
  8 orc priests
  2 iguanas
  Ijyb (D:5)
  9 worker ants
  A hound skeleton (D:6)
  2 worker ant zombies
  31 gnolls
  8 adders
  A shadow imp (D:5)
  An ooze (D:1)
  2 adder zombies
  2 adder skeletons
  2 worms
  A dart slug (D:1)
  2 leopard geckos
  50 orcs
  2 ball pythons
  4 giant cockroaches
  13 goblins
  19 hobgoblins
  10 jackals
  7 quokkas
  4 bats
  5 frilled lizards
  A jackal zombie (D:6)
  18 kobolds
  A quokka skeleton (D:7)
  7 rats
327 creatures vanquished.

Notes
Turn   | Place    | Note
-------+----------+-------------------------------------------
     0 | D:1      | garbagetei the Deep Elf Earth Elementalist began the quest for the Orb.
     0 | D:1      | Reached XP level 1. HP: 10/10 MP: 6/6
    68 | D:1      | Reached XP level 2. HP: 12/15 MP: 5/8
   352 | D:1      | Reached XP level 3. HP: 20/20 MP: 6/10
   627 | D:2      | Learned a level 2 spell: Passwall
   631 | D:2      | Learned a level 3 spell: Stone Arrow
   676 | D:2      | Reached skill level 4 in Spellcasting
   748 | D:2      | Reached XP level 4. HP: 24/24 MP: 8/12
   763 | D:2      | Learned a level 4 spell: Petrify
   971 | D:2      | Found a faded altar of an unknown god.
  1217 | D:3      | Reached skill level 1 in Fighting
  1257 | D:3      | Reached XP level 5. HP: 28/29 MP: 10/13
  1798 | D:4      | Gained mutation: Your mind is acute. (Int +2) [potion of mutation]
  1798 | D:4      | Gained mutation: Your spells are a little harder to cast, but a little more powerful. [potion of mutation]
  1885 | D:4      | Reached skill level 1 in Conjurations
  2166 | D:4      | Reached skill level 5 in Spellcasting
  2482 | D:5      | Entered Level 5 of the Dungeon
  2497 | D:5      | Noticed SaintRoka's ghost (amateur NaFE)
  2692 | D:5      | You fall through a shaft for 3 floors!
  2700 | D:8      | Noticed a two-headed ogre
  2701 | D:8      | Noticed an orc warrior
  2702 | D:8      | Reached skill level 5 in Earth Magic
  2795 | D:8      | Reached XP level 6. HP: 34/34 MP: 12/15
  2798 | D:7      | Noticed an orc warrior
  2798 | D:7      | Noticed a hungry ghost
  2804 | D:8      | Killed a hungry ghost
  3163 | D:7      | Found a burning altar of Makhleb.
  3164 | D:7      | Found a radiant altar of Vehumet.
  3172 | D:7      | Became a worshipper of Vehumet
  3192 | D:7      | Reached skill level 6 in Spellcasting
  3192 | D:7      | Reached XP level 7. HP: 40/40 MP: 15/18
  3196 | D:7      | Found a flagged portal.
  3236 | Bailey   | Entered a bailey
  3380 | Bailey   | Reached * piety under Vehumet
  3380 | Bailey   | Offered knowledge of Flame Tongue by Vehumet.
  3458 | Bailey   | Noticed an orc knight
  3484 | Bailey   | Learned a level 5 spell: Lee's Rapid Deconstruction
  4159 | D:6      | Reached skill level 7 in Spellcasting
  4183 | D:6      | Reached XP level 8. HP: 45/45 MP: 15/20
  4207 | D:6      | Reached skill level 5 in Dodging
  4366 | D:6      | Found an iron altar of Okawaru.
  4367 | D:6      | Found a bloodstained altar of Trog.
  4448 | D:6      | Learned a level 1 spell: Flame Tongue
  4507 | D:6      | Reached skill level 8 in Spellcasting
  4508 | D:6      | Offered knowledge of Freeze by Vehumet.
  4520 | D:6      | Reached ** piety under Vehumet
  4793 | D:6      | Found a staircase to the Ecumenical Temple.
  5062 | D:5      | Killed SaintRoka's ghost
  5062 | D:5      | Reached XP level 9. HP: 25/51 MP: 16/23
  5192 | D:5      | Offered knowledge of Ignite Poison by Vehumet.
  5340 | D:5      | Noticed Ijyb
  5343 | D:5      | Killed Ijyb
  5934 | D:8      | HP: 1/51 [two-headed ogre/giant spiked club (10)]
  5935 | D:8      | Killed a two-headed ogre
  5935 | D:8      | Reached skill level 9 in Spellcasting
  6342 | D:8      | Reached *** piety under Vehumet
  6510 | D:9      | Noticed a two-headed ogre
  6620 | D:8      | Reached skill level 5 in Conjurations
  6900 | D:8      | Offered knowledge of Olgreb's Toxic Radiance by Vehumet.
  6918 | D:8      | Reached skill level 10 in Spellcasting
  7221 | D:7      | Found a shadowy altar of Dithmenos.
  7335 | D:7      | Reached XP level 10. HP: 56/56 MP: 19/26
  7899 | D:7      | Found a deep blue altar of Sif Muna.
  7900 | D:7      | Found a glowing silver altar of Zin.
  8274 | D:8      | Reached **** piety under Vehumet
  8645 | D:9      | Offered knowledge of Force Lance by Vehumet.
  8651 | D:9      | Learned a level 4 spell: Force Lance
  8900 | D:9      | Noticed Erolcha
  8909 | D:9      | Killed Erolcha
  8909 | D:9      | Reached skill level 5 in Evocations
  9065 | D:9      | Found a staircase to the Orcish Mines.
  9068 | D:9      | Noticed Pikel
  9076 | D:9      | Killed Pikel
  9324 | D:9      | Killed a two-headed ogre
  9324 | D:9      | Reached skill level 11 in Spellcasting
  9776 | D:10     | Entered Level 10 of the Dungeon
  9832 | D:10     | Noticed Fannar
  9919 | Orc:1    | Entered Level 1 of the Orcish Mines
 10062 | Orc:1    | Reached skill level 10 in Earth Magic
 10188 | Orc:2    | Entered Level 2 of the Orcish Mines
 10458 | Orc:1    | Reached ***** piety under Vehumet
 10458 | Orc:1    | Offered knowledge of Fireball by Vehumet.
 10559 | Orc:1    | Noticed an orc sorcerer
 10566 | Orc:1    | Killed an orc sorcerer
 10566 | Orc:1    | Reached XP level 11. HP: 62/62 MP: 12/28
 10889 | Orc:1    | Noticed a wolf spider
 10889 | Orc:1    | Noticed an ettin
 10890 | Orc:1    | Noticed a wolf spider
 10933 | Orc:1    | Killed a wolf spider
 10933 | Orc:1    | Reached skill level 5 in Fighting
 11330 | Orc:2    | Noticed an orc high priest
 11334 | Orc:2    | Noticed an orc sorcerer
 11334 | Orc:2    | Killed an orc high priest
 11343 | Orc:1    | Learned a level 5 spell: Fireball
 11509 | Orc:2    | Killed an orc sorcerer
 12007 | Orc:2    | Noticed Donald
 12492 | D:10     | Killed Fannar
 12765 | D:10     | Reached skill level 12 in Spellcasting
 13296 | D:10     | Noticed Snorg
 13950 | D:10     | Noticed a two-headed ogre
 13959 | D:10     | Killed a two-headed ogre
 14119 | D:10     | Noticed a two-headed hydra
 14128 | D:10     | Slain by a two-headed hydra

Skill      XL: |  1  2  3  4  5  6  7  8  9 10 11 |
---------------+----------------------------------+-----
Earth Magic    | 4 5 6 7 9 10 11 | 11.0
Dodging        | 3 4 5 6 7 8 |  8.5
Spellcasting   | 4 5 6 7 8 10 11 12 | 12.4
Fighting       | 1 2 3 4 5 |  5.5
Conjurations   | 1 2 3 4 5 6 7 |  7.1
Evocations     | 3 6 7 |  7.7
Stealth        | |  2.5
Transmutations | |  1.1

Action                   |  1- 3 |  4- 6 |  7- 9 | 10-12 || total
-------------------------+-------+-------+-------+-------++-------
Melee: Falchion          |       |    26 |    19 |    11 ||    56
       Staff             |       |       |       |    14 ||    14
       Spear             |       |       |       |     1 ||     1
Throw: Stone             |       |       |     3 |       ||     3
 Cast: Sandblast         |    44 |    52 |    86 |    12 ||   194
       Petrify           |       |       |     5 |    12 ||    17
       Stone Arrow       |       |       |    93 |   174 ||   267
       Flame Tongue      |       |       |     8 |       ||     8
       Lee's Rapid Decon |       |       |     3 |    32 ||    35
       Force Lance       |       |       |       |    10 ||    10
       Fireball          |       |       |       |     3 ||     3
  Use: Scroll            |       |     9 |     6 |     1 ||    16
       Potion            |       |     2 |     5 |     1 ||     8
 Stab: Sleeping          |       |     3 |       |       ||     3
  Eat: Chunk             |     5 |    11 |    17 |    24 ||    57
Armor: Robe              |     2 |     8 |    12 |    14 ||    36
Dodge: Dodged            |    15 |    33 |    91 |    83 ||   222
       Rpst.: Falchion   |       |    12 |    17 |     4 ||    33
